 Dungeon Crawl Stone Soup version 0.28-a0-1616-g050a50673c (webtiles) character file.

Game seed: 9456897072179004840

562 browni3141 the Cudgeller (level 7, -2/60 HPs)
             Began as a Gnoll Chaos Knight on Jan 22, 2022.
             Was a Plaything of Xom.
             Slain by a black bear (5 damage)
             ... on level 4 of the Dungeon.
             The game lasted 00:09:03 (4800 turns).

browni3141 the Cudgeller (Gnoll Chaos Knight)       Turns: 4800, Time: 00:09:04

Health: -2/60      AC:  2    Str: 11    XL:     7   Next: 31%
Magic:  11/11      EV: 13    Int: 14    God:    Xom [..*...]
Gold:   197        SH:  0    Dex: 18    Spells: 9/10 levels left

rFire   + . .      SeeInvis +   a - +0 mace (chaos)
rCold   . . .      Faith    .   (no shield)
rNeg    . . .      Spirit   .   s - +0 leather armour of the Loofah {Dex+5 SInv}
rPois   .          Reflect  .   (no helmet)
rElec   .          Harm     .   (no cloak)
rCorr   .          Rampage  .   (no gloves)
Will    +....      Clarity  +   (no boots)
Stlth   ++........              (no amulet)
HPRegen 0.20/turn               g - ring of wizardry
MPRegen 0.12/turn               (no ring)

@: no status effects
A: fangs 1, strong nose, distributed training, clarity, clever 1, deformed body,
fire resistance 1, high mp 1, strong-willed 1
a: Renounce Religion


You were on level 4 of the Dungeon.
You worshipped Xom.
You were a toy of Xom.
You visited 1 branch of the dungeon, and saw 5 of its levels.

You collected 197 gold pieces.

Inventory:

Hand Weapons
 a - a +0 mace of chaos (weapon)
 b - a +2 hand axe of electrocution
 m - a +0 morningstar
 n - a +0 dagger of venom
Missiles
 d - 21 sling bullets
 l - 3 curare-tipped darts
Armour
 i - a +2 leather armour
 s - the +0 leather armour of the Loofah (worn) {Dex+5 SInv}
   (You found it on level 4 of the Dungeon)

   Dex:       It affects your dexterity (+5).
   SInv:      It lets you see invisible.
Jewellery
 g - a ring of wizardry (left hand)
Scrolls
 c - 4 scrolls of identify
 f - a scroll of summoning
 h - 2 scrolls of amnesia
 o - a scroll of fear
 p - 2 scrolls of enchant armour
 r - a scroll of immolation {unknown}
 t - a scroll of fog {unknown}
 u - a scroll of silence {unknown}
 v - a scroll of holy word {unknown}
 w - a scroll of teleportation {unknown}
Potions
 e - 2 potions of curing
 j - a potion of attraction
 k - 4 potions of might


   Skills:
 + Level 7.0 Fighting
 + Level 2.4 Short Blades
 + Level 2.4 Long Blades
 + Level 2.4 Axes
 + Level 7.0 Maces & Flails
 + Level 2.4 Polearms
 + Level 2.4 Staves
 + Level 2.4 Slings
 + Level 2.4 Bows
 + Level 2.4 Crossbows
 + Level 2.4 Throwing
 + Level 5.2 Armour
 + Level 3.5 Dodging
 + Level 2.4 Stealth
 + Level 2.4 Shields
 + Level 2.4 Unarmed Combat
 + Level 2.4 Spellcasting
 + Level 2.0 Conjurations
 + Level 2.0 Hexes
 + Level 2.0 Summonings
 + Level 2.0 Necromancy
 + Level 2.0 Translocations
 + Level 2.0 Transmutations
 + Level 2.0 Fire Magic
 + Level 2.0 Ice Magic
 + Level 2.0 Air Magic
 + Level 2.0 Earth Magic
 + Level 2.0 Poison Magic
 + Level 2.6 Invocations
 + Level 2.4 Evocations


You had 9 spell levels left.
You knew the following spells:

 Your Spells              Type           Power      Damage    Failure   Level
a - Shock                 Conj/Air       28%        1d4       5%          1

Your spell library contained the following spells:

 Spells                   Type           Power      Damage    Failure   Level
 Sublimation of Blood     Necr           7%         N/A       8%          2
 Wereblood                Tmut           7%         N/A       8%          2
 Ozocubu's Armour         Ice            7%         N/A       16%         3
 Swiftness                Air            7%         N/A       16%         3
 Airstrike                Air            3%         N/A       43%         4
 Ozocubu's Refrigeration  Ice            3%         4d5       100%        7
 Summon Hydra             Summ           3%         N/A       100%        7


Dungeon Overview and Level Annotations

Branches:
Dungeon (5/15)             Temple (0/1) D:4

Altars:
Ru

Shops:
D:4 =


Innate Abilities, Weirdness & Mutations

You have very sharp teeth.
Your uncanny sense of smell can sniff out nearby items.
Your experience applies equally to all skills.
You possess an exceptional clarity of mind.
Your mind is acute. (Int +2)
Armour fits poorly on your strangely shaped body.
Your flesh is heat resistant. (rF+)
You have an increased reservoir of magic. (+10% MP)
You are strong-willed. (Will+)


Message History

The black bear barely misses you. The black bear closely misses you.
The black bear claws you but does no damage.
The black bear closely misses you.
You hit the black bear but do no damage.
You punch the black bear, but do no damage.
The black bear is heavily wounded.
The adder bites you.
The black bear bites you but does no damage.
The black bear claws you. x2
You hit the black bear but do no damage.
The black bear goes berserk!
Xom is mildly amused.
The black bear is heavily wounded.
The black bear bites you. The black bear claws you. The black bear misses you.
The adder bites you.
You are poisoned.
The adder poisons you!
You feel sick. The adder barely misses you. The black bear barely misses you.
The black bear completely misses you. The black bear misses you.
You feel sick. The adder bites you.
There is a stone staircase leading up, spattered with blood here.
You see here a +0 giant club.
You feel sick. The black bear barely misses you. The black bear claws you. x2
* * * LOW HITPOINT WARNING * * *
The adder barely misses you.
The black bear bites you but does no damage.
The black bear misses you. The black bear claws you.
* * * LOW HITPOINT WARNING * * *
You climb upwards.
You feel sick.
You are no longer poisoned.
There is a stone staircase leading down here.
The black bear bites you.
* * * LOW HITPOINT WARNING * * *
The black bear closely misses you. The black bear barely misses you.
The adder bites you.
* * * LOW HITPOINT WARNING * * *
The black bear misses you. The black bear barely misses you.
The black bear claws you.
You die...
Xom guffaws!

.##..##.#.....#...#§§>§#..## #.#
##....##......#...§≈§§ #..#####.#
..............#...######.##.....#
..............##'........####.###
##....##......................#.)
.##..##.#....).#.#####...######.#
#.#..#.#.#.....#.# #...# ###.#
.#...^#.##.....#.# #...# #.#.#
#......##.#.....@# #...# #...<
.........#.#..#hS# #...# #....
..........##..#.># #...# #.#.#
............#.##.# #...# #.#.#
..............##.# #...# #...#
.....###########.# #...# #####
######.....# ##.## ##### ...#
#.###.# #⌠.⌠# .#.# #.# #.# #.∩.#


You could see a black bear (berserk) and an adder.

Vanquished Creatures
  Grinder (D:4)
  An ogre (D:5)
  A kobold brigand (D:3)
  Jessica (D:2)
  2 bullfrog skeletons (D:4)
  3 gnolls (D:4)
  4 adders
  A worm (D:3)
  6 orcs (D:3)
  4 ball pythons
  6 endoplasms
  5 giant cockroaches
  9 hobgoblins
  13 kobolds
  3 quokkas
  2 bats (D:3)
  A frilled lizard (D:2)
  7 goblins
  3 rats
73 creatures vanquished.

Vanquished Creatures (collateral kills)
  A gnoll (D:4)
  An orc (D:4)
2 creatures vanquished.

Grand Total: 75 creatures vanquished

Notes
Turn   | Place    | Note
-------+----------+-------------------------------------------
     0 | D:1      | browni3141 the Gnoll Chaos Knight began the quest for the
                  | Orb.
     0 | D:1      | Reached XP level 1. HP: 23/23 MP: 1/1
    66 | D:1      | XOM: divination: detect items
   418 | D:1      | Reached XP level 2. HP: 29/29 MP: 2/2
   427 | D:1      | XOM: divination: detect items
   738 | D:1      | XOM: divination: detect items
   834 | D:1      | XOM: stat loss: -1 Int (10/11)
   901 | D:1      | XOM: noise
  1301 | D:2      | Noticed Jessica
  1302 | D:2      | XOM: enchant monster (good)
  1307 | D:2      | Killed Jessica
  1308 | D:2      | Reached skill level 1 in Invocations
  1308 | D:2      | Reached XP level 3. HP: 33/35 MP: 2/4
  1495 | D:2      | Learned a level 1 spell: Shock
  1539 | D:2      | Reached skill level 1 in Short Blades
  1539 | D:2      | Reached skill level 1 in Long Blades
  1539 | D:2      | Reached skill level 1 in Axes
  1539 | D:2      | Reached skill level 1 in Polearms
  1539 | D:2      | Reached skill level 1 in Staves
  1539 | D:2      | Reached skill level 1 in Slings
  1539 | D:2      | Reached skill level 1 in Bows
  1539 | D:2      | Reached skill level 1 in Crossbows
  1539 | D:2      | Reached skill level 1 in Throwing
  1539 | D:2      | Reached skill level 1 in Stealth
  1539 | D:2      | Reached skill level 1 in Shields
  1539 | D:2      | Reached skill level 1 in Unarmed Combat
  1539 | D:2      | Reached skill level 1 in Spellcasting
  1539 | D:2      | Reached skill level 1 in Evocations
  1600 | D:2      | Reached XP level 4. HP: 41/41 MP: 2/5
  1669 | D:2      | XOM: blink monster(s)
  1670 | D:2      | XOM: enchant monster (bad)
  1996 | D:3      | XOM: give mutations
  1996 | D:3      | Gained mutation: Armour fits poorly on your strangely
                  | shaped body. [Xom's mischief]
  1996 | D:3      | Gained mutation: You are strong-willed. (Will+) [Xom's
                  | mischief]
  1996 | D:3      | Gained mutation: You possess an exceptional clarity of
                  | mind. [Xom's mischief]
  2071 | D:3      | XOM: blink monster(s)
  2163 | D:3      | XOM: cloud trail
  2260 | D:3      | Reached skill level 1 in Conjurations
  2260 | D:3      | Reached skill level 1 in Hexes
  2260 | D:3      | Reached skill level 1 in Summonings
  2260 | D:3      | Reached skill level 1 in Necromancy
  2260 | D:3      | Reached skill level 1 in Translocations
  2260 | D:3      | Reached skill level 1 in Transmutations
  2260 | D:3      | Reached skill level 1 in Fire Magic
  2260 | D:3      | Reached skill level 1 in Ice Magic
  2260 | D:3      | Reached skill level 1 in Air Magic
  2260 | D:3      | Reached skill level 1 in Earth Magic
  2260 | D:3      | Reached skill level 1 in Poison Magic
  2311 | D:3      | Found a faded altar of an unknown god.
  2780 | D:3      | XOM: noise
  2802 | D:3      | XOM: swap monsters
  2815 | D:3      | Reached XP level 5. HP: 4/47 MP: 1/6
  2815 | D:3      | HP: 1/47 [ball python (3)]
  3105 | D:3      | Noticed a kobold brigand
  3116 | D:3      | Killed a kobold brigand
  3140 | D:3      | XOM: cloud trail
  3459 | D:4      | Found a staircase to the Ecumenical Temple.
  3526 | D:4      | XOM: give mutations
  3526 | D:4      | Gained mutation: Your flesh is heat resistant. (rF+) [Xom's
                  | grace]
  3526 | D:4      | Gained mutation: Your mind is acute. (Int +2) [Xom's grace]
  3526 | D:4      | Gained mutation: You have an increased reservoir of magic.
                  | (+10% MP) [Xom's grace]
  3638 | D:4      | Reached XP level 6. HP: 52/53 MP: 9/9
  3642 | D:4      | Identified the +0 leather armour of the Loofah {Dex+5 SInv}
  3907 | D:4      | Found Oqarros's Jewellery Boutique.
  3943 | D:4      | Found a sacrificial altar of Ru.
  4018 | D:4      | XOM: divination: detect items
  4022 | D:4      | Reached skill level 5 in Armour
  4048 | D:4      | XOM: noise
  4191 | D:4      | Noticed Grinder
  4215 | D:4      | XOM: silly message
  4221 | D:4      | Killed Grinder
  4222 | D:4      | Reached XP level 7. HP: 25/59 MP: 4/11
  4560 | D:5      | Entered Level 5 of the Dungeon
  4578 | D:5      | XOM: butterfly on damage
  4800 | D:4      | HP: 3/60 [adder (3)]
  4800 | D:4      | Slain by a black bear

Illustrated notes

Levels and vault maps discovered:
D:1:      amcnicky_arrival_choice, layout_basic
D:2:      layout_loops_corners, st_stairs_8, uniq_jessica
D:3:      cheibrodos_thug_alley, layout_basic, basic_ecumenical_altar
D:4:      layout_basic, general_overflow_altar,
          minmay_temple_entry_stoned_glass, serial_shops, shop_fountains,
          minmay_misc_feat_secret_circle, uniq_grinder
D:5:      layout_cave_pools

Skill      XL: |  1  2  3  4  5  6  7 |
---------------+----------------------+-----
Invocations    | 1 2 |  2.6
Short Blades   | 1 2 |  2.4
Long Blades    | 1 2 |  2.4
Axes           | 1 2 |  2.4
Polearms       | 1 2 |  2.4
Staves         | 1 2 |  2.4
Slings         | 1 2 |  2.4
Bows           | 1 2 |  2.4
Crossbows      | 1 2 |  2.4
Throwing       | 1 2 |  2.4
Stealth        | 1 2 |  2.4
Shields        | 1 2 |  2.4
Unarmed Combat | 1 2 |  2.4
Spellcasting   | 1 2 |  2.4
Evocations     | 1 2 |  2.4
Conjurations   | 1 2 |  2.0
Hexes          | 1 2 |  2.0
Summonings     | 1 2 |  2.0
Necromancy     | 1 2 |  2.0
Translocations | 1 2 |  2.0
Transmutations | 1 2 |  2.0
Fire Magic     | 1 2 |  2.0
Ice Magic      | 1 2 |  2.0
Air Magic      | 1 2 |  2.0
Earth Magic    | 1 2 |  2.0
Poison Magic   | 1 2 |  2.0
Dodging        | 3 |  3.5
Armour         | 5 |  5.2
Fighting       | 7 |  7.0
Maces & Flails | 7 |  7.0

Action                   |  1- 3 |  4- 6 |  7- 9 || total
-------------------------+-------+-------+-------++-------
Melee: Mace              |    58 |    79 |    12 ||   149
       Bite              |     6 |    10 |     2 ||    18
       Dagger            |       |     7 |       ||     7
       Punch             |       |     4 |     1 ||     5
       Hand axe          |       |    30 |     6 ||    36
 Cast: Shock             |     2 |    16 |     5 ||    23
Evoke: Wand              |       |    10 |       ||    10
  Use: Scroll            |       |     7 |       ||     7
 Stab: Petrified         |     3 |       |       ||     3
       Sleeping          |       |     2 |       ||     2
       Confused          |       |     1 |       ||     1
Armor: Leather armour    |    15 |    34 |     4 ||    53
Dodge: Dodged            |    31 |    74 |    27 ||   132

Table legend: (Time is in decaauts)
 A = Elapsed time spent in this place.
 B = Non-inter-level travel time spent in this place.
 C = Inter-level travel time spent in this place.
 D = Time resting spent in this place.
 E = Time spent auto-exploring this place.
 F = Levels seen in this place.
 G = Mean time per level.
                   A        B        C        D        E       F      G
               +--------+--------+--------+--------+--------+-----+--------+
         Total |   4813 |   4646 |    167 |    337 |   3612 |   5 |  962.6 |
       Dungeon |   4813 |   4646 |    167 |    337 |   3612 |   5 |  962.6 |
               +--------+--------+--------+--------+--------+-----+--------+

Top non-repeatable levels by time:
     D:3: 1425 daAuts
     D:4: 1203 daAuts
     D:1: 1022 daAuts
     D:2: 973 daAuts
     D:5: 187 daAuts
